Map: 2000 Atmospheres LE

Players

Rogue

  • Race: Zerg Zerg

Dark - Winner!

  • Race: Zerg Zerg

Event: DreamHack SC2 Masters 2021 Winter

VOD

Have the link to the VOD?

Description

Time

  • Played on: Nov. 11, 2021, 9:54 a.m.
  • Length: 3:04

All games in this series

Show
View Real Time Build Order
Export as new Build Order

Rogue Zerg 

Build Orders: Pool First 

Get SALT Encoding   

  12  0:18  Spawning Pool  
  11  0:22  Drone  
  11  0:26  Drone  
  13  0:30  Drone  
  14  0:40  Overlord  
  14  1:05  Zergling x4  
  14  1:06  Zergling x2  
  17  1:17  Zergling x2  
  18  1:28  Zergling x2  
  19  1:43  Overlord  
  21  1:51  Hatchery  
  18  1:56  Drone  
  19  2:08  Queen  
  21  2:17  Spine Crawler  
  21  2:21  Zergling x2  
  21  2:24  Zergling x2  
  21  2:28  Zergling x2  
  23  2:36  Zergling x2  
Show
View Real Time Build Order
Export as new Build Order

Dark Zerg - Winner!

Build Orders: 1 Base Baneling Bust, Pool Only 

Get SALT Encoding   

  12  0:06  Extractor  
  11  0:20  Spawning Pool  
  10  0:24  Drone  
  11  0:31  Drone  
  12  0:36  Drone  
  13  0:48  Overlord  
  13  1:07  Zergling x4  
  13  1:09  Zergling x2  
  16  1:13  Metabolic Boost  
  16  1:19  Zergling x2  
  17  1:29  Zergling x2  
  18  1:34  Baneling Nest  
  17  1:41  Zergling x2  
  18  1:51  Zergling x2  
  19  1:58  Queen  
  21  2:12  Overlord  
  21  2:13  Zergling x2  
  22  2:17  Baneling  
  22  2:19  Baneling  
  22  2:32  Baneling x2  
  22  2:38  Zergling x4  

Tags
 
Add a new tag
Caveats
  • Supply blocks, unpowered buildings, or Contaminate may cause inaccurate times.
  • Supply counts are checked every 10 seconds.